BSA
PORTLAND PHILOSPHER KINGS @ JERSEY SHORE D-BAGS
04/26/2024
 
TOP OF THE 1ST
Portland Philospher Kings batting - Pitching for Jersey Shore D-Bags : LHP Li-xue Si-ma
Pitching: LHP Li-xue Si-ma
Batting: RHB Dani Vázquez 0-0: Foul Ball, location: 2F
0-1: Ball
1-1: Called Strike
1-2: Ball
2-2: Ball
3-2: Foul Ball, location: 2F
3-2: Base on Balls
Batting: RHB Aaron Scott 0-0: Ball
1-0: Ball
2-0: Foul Ball, location: 2F
2-1: Ground out 5-3 (Groundball, 5S)
Dani Vázquez to second
Batting: LHB Jeff Daniels 0-0: Ball
1-0: Called Strike
1-1: Ball
2-1: Foul Ball, location: 2F
2-2: Strikes out swinging
Batting: LHB Keith Beard 0-0: Ground out 4-3 (Groundball, 4)
Top of the 1st over - 0 run(s), 0 hit(s), 0 error(s), 1 left on base; Portland 0 - Jersey Shore 0
BOTTOM OF THE 1ST
Jersey Shore D-Bags batting - Pitching for Portland Philospher Kings : RHP Yong-hoon Park
Pitching: RHP Yong-hoon Park
Batting: LHB Albert Morgan 0-0: Ball
1-0: Foul Ball, location: 2F
1-1: Ball
2-1: Foul Ball, location: 2F
2-2: Ball
3-2: SINGLE (Groundball, 3L)
Batting: RHB Ricardo González 0-0: Ball
1-0: Foul Ball, location: 2F
1-1: Called Strike
1-2: SINGLE (Groundball, 56D) (infield hit)
Albert Morgan to second
Batting: LHB Mike Bryant 0-0: Reached on Error, E7 (Flyball, 7M)
Albert Morgan to third
Ricardo González to second
Batting: LHB Dave Dodd 0-0: Swinging Strike
0-1: Ball
1-1: Ball
2-1: Swinging Strike
2-2: Ball
3-2: Foul Ball, location: 2F
3-2: Foul Ball, location: 2F
3-2: Foul Ball, location: 2F
3-2: Fly out, F6 (Line Drive, 6)
Batting: LHB Ricardo Berroa 0-0: Foul Ball, location: 2F
0-1: Swinging Strike
0-2: Foul Ball, location: 2F
0-2: Strikes out swinging
Batting: LHB Armando Macías 0-0: Ball
1-0: Called Strike
1-1: Foul Ball, location: 2F
1-2: Foul Ball, location: 2F
1-2: Foul Ball, location: 2F
1-2: Foul Ball, location: 2F
1-2: Foul Ball, location: 2F
1-2: Ball
2-2: Strikes out swinging
Bottom of the 1st over - 0 run(s), 2 hit(s), 1 error(s), 3 left on base; Portland 0 - Jersey Shore 0
TOP OF THE 2ND
Portland Philospher Kings batting - Pitching for Jersey Shore D-Bags : LHP Li-xue Si-ma
Batting: RHB Paco Arellano 0-0: Ball
1-0: Ground out U3 (Groundball, 3)
Batting: LHB Tom Blake 0-0: Called Strike
0-1: Swinging Strike
0-2: Ball
1-2: Ball
2-2: Strikes out swinging
Batting: LHB Paul Mullins 0-0: Ground out 6-3 (Groundball, 6)
Top of the 2nd over - 0 run(s), 0 hit(s), 0 error(s), 0 left on base; Portland 0 - Jersey Shore 0
BOTTOM OF THE 2ND
Jersey Shore D-Bags batting - Pitching for Portland Philospher Kings : RHP Yong-hoon Park
Batting: RHB Orlando Bruno 0-0: Called Strike
0-1: Ground out 6-3 (Groundball, 6)
Batting: RHB Gerardo Escobedo 0-0: Called Strike
0-1: Ball
1-1: Called Strike
1-2: Ball
2-2: Ball
3-2: Foul Ball, location: 2F
3-2: SINGLE (Line Drive, 6MD)
Batting: RHB Cy Keynes Pickoff Throw to First - Out!
0-0: Ground out 5-3 (Groundball, 56S)
Bottom of the 2nd over - 0 run(s), 1 hit(s), 0 error(s), 0 left on base; Portland 0 - Jersey Shore 0
TOP OF THE 3RD
Portland Philospher Kings batting - Pitching for Jersey Shore D-Bags : LHP Li-xue Si-ma
Batting: RHB Germán Rosales 0-0: Called Strike
0-1: Ground out 5-3 (Groundball, 56)
Batting: LHB Bill Bertrand 0-0: Called Strike
0-1: Called Strike
0-2: Strikes out looking
Batting: RHB Dani Vázquez 0-0: Foul Ball, location: 2F
0-1: Ball
1-1: Ball
2-1: Foul Ball, location: 2F
2-2: Ball
3-2: Fly out, F7 (Line Drive, 78S)
Top of the 3rd over - 0 run(s), 0 hit(s), 0 error(s), 0 left on base; Portland 0 - Jersey Shore 0
BOTTOM OF THE 3RD
Jersey Shore D-Bags batting - Pitching for Portland Philospher Kings : RHP Yong-hoon Park
Batting: LHB Albert Morgan 0-0: Ball
1-0: Ball
2-0: Called Strike
2-1: Foul Ball, location: 2F
2-2: DOUBLE (Groundball, 3L)
Batting: RHB Ricardo González 0-0: Ball
1-0: Foul Ball, location: 2F
1-1: Fly out, F4 (Popup, 4D)
Batting: LHB Mike Bryant 0-0: Ball
Albert Morgan steals 3rd base
1-0: Ball
2-0: Ground out 4-3 (Groundball, 4M)
Albert Morgan scores
Batting: LHB Dave Dodd 0-0: Ball
1-0: Ball
2-0: Fly out, F4 (Popup, 34D)
Bottom of the 3rd over - 1 run(s), 1 hit(s), 0 error(s), 0 left on base; Portland 0 - Jersey Shore 1
TOP OF THE 4TH
Portland Philospher Kings batting - Pitching for Jersey Shore D-Bags : LHP Li-xue Si-ma
Batting: RHB Aaron Scott 0-0: Ground out 5-3 (Groundball, 15S)
Batting: LHB Jeff Daniels 0-0: Ball
1-0: Ball
2-0: Ball
3-0: Base on Balls
Batting: LHB Keith Beard 0-0: Ball
1-0: Ball
2-0: Foul Ball, location: 2F
2-1: Swinging Strike
2-2: Grounds into double play, 4-6-3 (Groundball, 4)
Top of the 4th over - 0 run(s), 0 hit(s), 0 error(s), 0 left on base; Portland 0 - Jersey Shore 1
BOTTOM OF THE 4TH
Jersey Shore D-Bags batting - Pitching for Portland Philospher Kings : RHP Yong-hoon Park
Batting: LHB Ricardo Berroa 0-0: Called Strike
0-1: Ball
1-1: Foul Ball, location: 2F
1-2: Ground out 6-3 (Groundball, 6)
Batting: LHB Armando Macías 0-0: Ball
1-0: Ground out 3-1 (Groundball, 34)
Batting: RHB Orlando Bruno 0-0: Called Strike
0-1: Ball
1-1: SINGLE (Flyball, 78M)
Batting: RHB Gerardo Escobedo 0-0: Ball
1-0: Ball
2-0: Called Strike
2-1: Fielders Choice at 2nd, 6-4 (Groundball, 6)
Bottom of the 4th over - 0 run(s), 1 hit(s), 0 error(s), 0 left on base; Portland 0 - Jersey Shore 1
TOP OF THE 5TH
Portland Philospher Kings batting - Pitching for Jersey Shore D-Bags : LHP Li-xue Si-ma
Batting: RHB Paco Arellano 0-0: Ball
1-0: Swinging Strike
1-1: Foul Ball, location: 2F
1-2: Ball
2-2: Ball
3-2: SINGLE (Line Drive, 6MD)
Batting: LHB Tom Blake 0-0: 2-RUN HOME RUN (Flyball, 9LD), Distance : 360 ft
Batting: LHB Paul Mullins 0-0: Ball
1-0: Ball
2-0: Swinging Strike
2-1: Swinging Strike
2-2: Foul Ball, location: 2F
2-2: Strikes out swinging
Batting: RHB Germán Rosales 0-0: Ground out 6-3 (Groundball, 56)
Batting: LHB Bill Bertrand 0-0: SINGLE (Line Drive, 4M)
Batting: RHB Dani Vázquez 0-0: Ground out 4-3 (Groundball, 34)
Top of the 5th over - 2 run(s), 3 hit(s), 0 error(s), 1 left on base; Portland 2 - Jersey Shore 1
BOTTOM OF THE 5TH
Jersey Shore D-Bags batting - Pitching for Portland Philospher Kings : RHP Yong-hoon Park
Batting: RHB Cy Keynes 0-0: Ball
1-0: Foul Ball, location: 2F
1-1: Foul Ball, location: 2F
1-2: Ball
2-2: Ball
3-2: Ground out 6-3 (Groundball, 6M)
Batting: LHB Albert Morgan 0-0: Called Strike
0-1: Fly out, F8 (Flyball, 8LM)
Batting: RHB Ricardo González 0-0: Swinging Strike
0-1: Foul Ball, location: 2F
0-2: SINGLE (Line Drive, 89S)
Batting: LHB Mike Bryant 0-0: Ball
Wild Pitch!
Ricardo González to second
1-0: Called Strike
1-1: Called Strike
1-2: Strikes out looking
Bottom of the 5th over - 0 run(s), 1 hit(s), 0 error(s), 1 left on base; Portland 2 - Jersey Shore 1
TOP OF THE 6TH
Portland Philospher Kings batting - Pitching for Jersey Shore D-Bags : LHP Li-xue Si-ma
Batting: RHB Aaron Scott 0-0: Ball
1-0: Ball
2-0: Ball
3-0: Base on Balls
Batting: LHB Jeff Daniels 0-0: Foul Ball, location: 2F
0-1: Swinging Strike
0-2: Ball
1-2: Fly out, F9 (Flyball, 89M)
Batting: LHB Keith Beard 0-0: Foul Ball, location: 2F
0-1: Ball
1-1: Swinging Strike
1-2: Ball
2-2: Foul Ball, location: 2F
2-2: SINGLE (Groundball, 4MD)
Aaron Scott to second
Batting: RHB Paco Arellano 0-0: Ball
1-0: Foul Ball, location: 2F
1-1: Swinging Strike
1-2: Ball
2-2: Fly out, F3 (Popup, 3DF)
Batting: LHB Tom Blake 0-0: Ball
1-0: Ball
2-0: Ground out 1-3 (Groundball, 13S)
Top of the 6th over - 0 run(s), 1 hit(s), 0 error(s), 2 left on base; Portland 2 - Jersey Shore 1
BOTTOM OF THE 6TH
Jersey Shore D-Bags batting - Pitching for Portland Philospher Kings : RHP Yong-hoon Park
Pitching: LHP Edgardo Guzmán
Batting: LHB Dave Dodd 0-0: Foul Ball, location: 2F
0-1: Swinging Strike
0-2: Ground out 5-3 (Groundball, 56S)
Batting: LHB Ricardo Berroa 0-0: Called Strike
0-1: Foul Ball, location: 2F
0-2: Ball
1-2: Ball
2-2: Fly out, F4 (Popup, 4MS)
Batting: LHB Armando Macías 0-0: Ball
1-0: Called Strike
1-1: Called Strike
1-2: Ball
2-2: SINGLE (Line Drive, 8LS)
Batting: RHB Orlando Bruno 0-0: Called Strike
0-1: Swinging Strike
0-2: Ball
1-2: Strikes out swinging
Bottom of the 6th over - 0 run(s), 1 hit(s), 0 error(s), 1 left on base; Portland 2 - Jersey Shore 1
TOP OF THE 7TH
Portland Philospher Kings batting - Pitching for Jersey Shore D-Bags : LHP Li-xue Si-ma
Batting: LHB Paul Mullins 0-0: Swinging Strike
0-1: Ground out 5-3 (Groundball, 56)
Batting: RHB Germán Rosales 0-0: Called Strike
0-1: Fly out, F9 (Flyball, 89M)
Batting: LHB Bill Bertrand 0-0: Ground out 4-3 (Groundball, 34)
Top of the 7th over - 0 run(s), 0 hit(s), 0 error(s), 0 left on base; Portland 2 - Jersey Shore 1
BOTTOM OF THE 7TH
Jersey Shore D-Bags batting - Pitching for Portland Philospher Kings : LHP Edgardo Guzmán
Batting: RHB Gerardo Escobedo 0-0: Ball
1-0: Called Strike
1-1: Swinging Strike
1-2: Ball
2-2: DOUBLE (Flyball, 9LM)
Pinch Hitting: RHB Pedro Rodríguez 0-0: Called Strike
0-1: Foul Ball, location: 2F
0-2: Ball
1-2: Foul Ball, location: 2F
1-2: Ball
2-2: Strikes out looking
Pinch Hitting: RHB Lawrence Yates 0-0: Ball
1-0: Called Strike
1-1: Swinging Strike
1-2: Ball
2-2: Strikes out looking
Batting: RHB Ricardo González 0-0: Ball
1-0: Ball
2-0: Foul Ball, location: 2F
2-1: Foul Ball, location: 2F
2-2: Foul Ball, location: 2F
2-2: Foul Ball, location: 2F
2-2: Strikes out looking
Bottom of the 7th over - 0 run(s), 1 hit(s), 0 error(s), 1 left on base; Portland 2 - Jersey Shore 1
TOP OF THE 8TH
Portland Philospher Kings batting - Pitching for Jersey Shore D-Bags : LHP Li-xue Si-ma
Now at 1B: Pedro Rodríguez
Now in CF: Lawrence Yates
Batting: RHB Dani Vázquez 0-0: Called Strike
0-1: Foul Ball, location: 2F
0-2: Foul Ball, location: 2F
0-2: Ball
1-2: Ball
2-2: DOUBLE (Groundball, 3L)
Pitching: LHP Hyo-chin Kim
Batting: RHB Aaron Scott 0-0: Ball
1-0: Bunted foul
1-1: Ball
2-1: Ball
3-1: Sac Bunt - play at first, batter OUT! 1-4
Dani Vázquez to third
Batting: LHB Jeff Daniels 0-0: Intentional Walk
Batting: LHB Keith Beard 0-0: Fly out, F8 (Popup, 8LS)
Batting: RHB Paco Arellano 0-0: Called Strike
0-1: Called Strike
0-2: Foul Ball, location: 2F
0-2: Strikes out swinging
Top of the 8th over - 0 run(s), 1 hit(s), 0 error(s), 2 left on base; Portland 2 - Jersey Shore 1
BOTTOM OF THE 8TH
Jersey Shore D-Bags batting - Pitching for Portland Philospher Kings : LHP Edgardo Guzmán
Pitching: LHP Yu-shu Kong
Batting: LHB Mike Bryant 0-0: Ball
1-0: Ball
2-0: Ball
3-0: Called Strike
3-1: Foul Ball, location: 2F
3-2: SINGLE (Line Drive, 4MD)
Batting: LHB Dave Dodd 0-0: Ball
1-0: Called Strike
1-1: Ball
2-1: Ball
3-1: Called Strike
3-2: Foul Ball, location: 2F
3-2: Ground out U3 (Groundball, 3S)
Mike Bryant to second
Batting: LHB Ricardo Berroa 0-0: Ball
1-0: Swinging Strike
1-1: Ball
2-1: Foul Ball, location: 2F
2-2: Strikes out swinging
Batting: LHB Armando Macías 0-0: Foul Ball, location: 2F
0-1: Foul Ball, location: 2F
0-2: Ball
1-2: SINGLE (Groundball, 34D)
Mike Bryant to third
Runner from 3rd tries for Home, SAFE, no throw or cutoff
Pinch Hitting: RHB Owen Carter 0-0: Ball
1-0: Swinging Strike
1-1: Swinging Strike
1-2: Strikes out swinging
Bottom of the 8th over - 1 run(s), 2 hit(s), 0 error(s), 1 left on base; Portland 2 - Jersey Shore 2
TOP OF THE 9TH
Portland Philospher Kings batting - Pitching for Jersey Shore D-Bags : LHP Hyo-chin Kim
Pitching: LHP Gerald Johnson
Now at 2B: John Moore
Batting: LHB Tom Blake 0-0: Ball
1-0: Called Strike
1-1: Ball
2-1: Called Strike
2-2: Foul Ball, location: 2F
2-2: Strikes out swinging
Batting: LHB Paul Mullins 0-0: Called Strike
0-1: Swinging Strike
0-2: Foul Ball, location: 2F
0-2: Foul Ball, location: 2F
0-2: Ball
1-2: Foul Ball, location: 2F
1-2: Ball
2-2: Ball
3-2: Ground out 3-1 (Groundball, 3L)
Batting: RHB Germán Rosales 0-0: Called Strike
0-1: Foul Ball, location: 2F
0-2: SINGLE (Flyball, 8RS)
Batting: LHB Bill Bertrand 0-0: Called Strike
0-1: Called Strike
0-2: Strikes out looking
Top of the 9th over - 0 run(s), 1 hit(s), 0 error(s), 1 left on base; Portland 2 - Jersey Shore 2
BOTTOM OF THE 9TH
Jersey Shore D-Bags batting - Pitching for Portland Philospher Kings : LHP Yu-shu Kong
Batting: RHB Gerardo Escobedo 0-0: Ball
1-0: Ground out 4-3 (Groundball, 4)
Batting: RHB Pedro Rodríguez 0-0: Ball
1-0: SINGLE (Groundball, 5D)
Batting: RHB Lawrence Yates 0-0: Ball
1-0: Foul Ball, location: 2F
1-1: Ball
2-1: DOUBLE (Line Drive, 8RD)
Pedro Rodríguez to third
Batting: RHB Ricardo González 0-0: Intentional Walk
Batting: LHB Mike Bryant 0-0: Foul Ball, location: 2F
0-1: Ball
1-1: Foul Ball, location: 2F
1-2: Ball
2-2: Ball
3-2: Foul Ball, location: 2F
3-2: Base on Balls
Pedro Rodríguez scores
Lawrence Yates to third
Ricardo González to second
This league is powered by Out of the Park Baseball, the baseball management simulation game for PC, Mac and Linux
Saturday, April 9th, 2016 - OOTP Baseball 16.8 Build 38